 Dungeon Crawl Stone Soup version 0.29-a0-207-gf982a884d8 (webtiles) character file.

Game seed: 10779503685657305090

17260 drugrobin the Spear-Bearer (level 11, -1/97 HPs)
             Began as a Demigod Warper on Feb 23, 2022.
             Slain by a fire dragon (10 damage)
             ... on level 10 of the Dungeon.
             The game lasted 01:09:06 (24531 turns).

drugrobin the Spear-Bearer (Demigod Warper)        Turns: 24531, Time: 01:09:07

Health: -1/97      AC:  8    Str: 24    XL:     11   Next: 89%
Magic:  22/22      EV: 13    Int: 15    God:
Gold:   599        SH:  0    Dex: 19    Spells: 1/20 levels left

rFire   . . .      SeeInvis .   a - +5 halberd (freeze)
rCold   . . .      Faith    .   (shield currently unavailable)
rNeg    . . .      Spirit   .   m - +0 troll leather armour
rPois   .          Reflect  .   n - +0 helmet
rElec   .          Harm     .   r - +0 cloak
rCorr   .          Rampage  .   (no gloves)
Will    +....                   s - +0 pair of boots
Stlth   ++........              (no amulet)
HPRegen 1.06/turn               e - +6 ring of dexterity
MPRegen 0.18/turn               C - ring of wizardry

@: mighty
A: high MP 1, forlorn, divine attributes, fangs 1
a: no special abilities


You were on level 10 of the Dungeon.
You visited 3 branches of the dungeon, and saw 14 of its levels.
You also visited: Sewer.

You collected 599 gold pieces.

Inventory:

Hand Weapons
 a - a +5 halberd of freezing (weapon)
 b - a +2 shortbow of flaming
 I - a +2 antimagic whip
 W - a +4 spear of freezing
Missiles
 d - 2 boomerangs of dispersal
 f - 6 boomerangs (quivered)
 w - 7 poisoned darts
 H - 3 javelins
Armour
 m - a +0 troll leather armour (worn)
 n - a +0 helmet (worn)
 r - a +0 cloak (worn)
 s - a +0 pair of boots (worn)
 Q - +0 acid dragon scales
Magical Staves
 J - a staff of conjuration
Jewellery
 e - a +6 ring of dexterity (left hand)
 k - a ring of ice
 u - a ring of protection from cold
 C - a ring of wizardry (right hand)
 F - a ring of fire
 M - a ring of see invisible
 V - a ring of willpower
Wands
 h - a wand of polymorph (3)
 K - a wand of acid (7)
 N - a wand of charming (2)
 R - a wand of iceblast (2)
Scrolls
 j - 3 scrolls of blinking
 l - 2 scrolls of summoning
 q - a scroll of fear {unknown}
 t - a scroll of torment
 x - 2 scrolls of amnesia
 y - 2 scrolls of silence
 z - 2 scrolls of fog
 A - 3 scrolls of teleportation
 E - 2 scrolls of enchant weapon
 L - 2 scrolls of vulnerability
 O - 2 scrolls of holy word
 P - 3 scrolls of identify
Potions
 c - a potion of ambrosia {unknown}
 o - 3 potions of cancellation
 p - 2 potions of flight
 v - 3 potions of curing
 B - a potion of heal wounds {unknown}
 D - 2 potions of attraction
 U - 2 potions of haste
Miscellaneous
 G - a piece from Xom's chessboard (9/15)


   Skills:
 + Level 9.4 Fighting
 + Level 13.5 Polearms
 - Level 1.2 Throwing
 - Level 3.3 Armour
 - Level 3.2 Dodging
 - Level 2.0 Stealth
 - Level 5.0 Spellcasting
 - Level 5.6 Translocations


You had one spell level left.
You knew the following spells:

 Your Spells              Type           Power      Damage    Failure   Level
a - Blink                 Tloc           40%        N/A       1%          2
b - Teleport Other        Tloc           20%        N/A       2%          3
c - Gell's Gravitas       Tloc           20%        N/A       2%          3
d - Conjure Flame         Conj/Fire      3%         6-21      21%         3
e - Vampiric Draining     Necr           3%         2d6       21%         3
f - Manifold Assault      Tloc           20%        N/A       19%         5

Your spell library contained the following spells:

 Spells                   Type           Power      Damage    Failure   Level
 Animate Skeleton         Necr           6%         N/A       8%          1
 Slow                     Hex            12%        N/A       8%          1
 Lesser Beckoning         Tloc           20%        N/A       2%          3
 Confusing Touch          Hex            3%         N/A       21%         3
 Ignite Poison            Fire/Tmut/Pois 3%         N/A       21%         3
 Leda's Liquefaction      Hex/Erth       1%         N/A       54%         4
 Olgreb's Toxic Radiance  Pois           3%         N/A       54%         4
 Sticky Flame             Conj/Fire      3%         2d3       54%         4
 Borgnjor's Vile Clutch   Necr/Erth      1%         N/A       86%         5
 Freezing Cloud           Conj/Ice/Air   1%         6-21      86%         5
 Lee's Rapid Deconstruct  Erth           1%         3d5*      86%         5
 Statue Form              Tmut/Erth      2%         N/A       100%        6
 Ozocubu's Refrigeration  Ice            1%         4d5       100%        7
 Ignition                 Fire           1%         3d3       100%        8
 Infestation              Necr           1%         N/A       100%        8


Dungeon Overview and Level Annotations

Branches:
Dungeon (12/15)            Temple (1/1) D:7            Lair (1/6) D:10
  Sewer (visited)
    Orc: D:9-12

Portals:
Trove: D:10 (give 8 potions of haste)

Annotations:
D:8 Harold
D:9 exclusion: shadow
D:10 1 runed translucent door
D:11 Snorg
Lair:1 Erica


Innate Abilities, Weirdness & Mutations

You have an increased reservoir of magic. (+10% MP)
You shall have no god before yourself.
Your divine heritage dramatically boosts your attributes as you level up.
You have very sharp teeth.


Message History

You kill the slime creature!
You hear a shout!
You hear an angry hiss.
You feel very mighty all of a sudden.
You hit the fire dragon. You freeze the fire dragon.
The fire dragon is lightly wounded.
The fire dragon breathes flames at you. The blast of flame hits you!!!
You hit the fire dragon but do no damage.
You bite the fire dragon, but do no damage.
The fire dragon is lightly wounded.
The fire dragon bites you.
The fire dragon claws you but does no damage.
The fire dragon closely misses you.
You puncture the fire dragon! You freeze the fire dragon.
Your bite misses the fire dragon.
The fire dragon is moderately wounded.
You puncture the fire dragon! You freeze the fire dragon!
You bite the fire dragon!
The fire dragon is severely wounded.
The fire dragon bites you. The fire dragon completely misses you.
The fire dragon tramples you but does no damage.
You barely miss the fire dragon.
The fire dragon is severely wounded.
The fire dragon bites you! The fire dragon claws you!
* * * LOW HITPOINT WARNING * * *
The fire dragon tramples you but does no damage.
You barely miss the fire dragon.
The fire dragon is severely wounded.
The fire dragon bites you.
* * * LOW HITPOINT WARNING * * *
The fire dragon misses you. The fire dragon tramples you!
* * * LOW HITPOINT WARNING * * *
You stumble backwards!
Unknown command.
You puncture the fire dragon! You freeze the fire dragon!
The fire dragon is almost dead.
The fire dragon bites you!
* * * LOW HITPOINT WARNING * * *
The fire dragon claws you!
You die...

.....)......### #.# #####
..............# ##.# #.[[.
.#######.##.#####..# #.###
## #.####...#### #.#
#####..)..## ##.##
#[?#.......##########.#.##
#.$#.......#..............
#.:#.......##########.[.##
##'##....@.## ##.##
....##..D...## #.#
....8##g##.).## #.# .#
......#..##.).# #.# ..#
......##..##.'## #.###
...# #8.Dg..##g####.#
##.... #....
#...Z'#...###.# ##.####
#.... ##.....##.# ##.#.##
.... #.......#[####.###.##


You could see a fire dragon and a gnoll shaman.

Vanquished Creatures
  Fannar (D:10)
  A hydra (D:10)
  4 two-headed ogres
  A cyclops (D:9)
  A gargoyle (D:11)
  A cane toad (D:10)
  Maggie (D:9)
  A freezing wraith (D:12)
  A kobold demonologist (D:11)
  A komodo dragon (D:10)
  A troll (D:11)
  6 slime creatures
  A vampire (D:12)
  A wyvern (D:6)
  21 yaks
  2 shadows
  A wraith (D:11)
  A basilisk (D:12)
  A steam dragon (D:10)
  Edmund (D:5)
  4 vampire mosquitoes (D:11)
  An acid dragon (D:10)
  5 water moccasins
  Pargi (Sewer)
  A sky beast (D:7)
  A black bear (D:5)
  3 ice beasts
  2 necrophages
  8 centaurs
  A phantom (D:4)
  2 bullfrogs
  A kobold brigand (D:3)
  2 scorpions
  A wyvern skeleton (D:7)
  3 water moccasin skeletons
  16 wights
  2 electric eels (D:6)
  2 howler monkeys
  A bullfrog zombie (D:6)
  2 hounds (D:5)
  5 centaur zombies
  4 jellies
  A centaur skeleton (D:6)
  8 orc priests
  6 iguanas
  9 orc wizards
  2 hound zombies (D:3)
  A hound skeleton (D:4)
  A howler monkey zombie (D:10)
  Robin (D:2)
  5 gnolls
  13 adders
  A river rat (D:3)
  A shadow imp (D:6)
  5 white imps
  2 ufetubi
  2 adder skeletons
  A worm (D:5)
  2 dart slugs (D:2)
  28 orcs
  3 bats
  6 endoplasms
  9 giant cockroaches
  10 goblins
  12 hobgoblins
  6 jackals
  14 kobolds
  5 quokkas
  5 ball pythons
  A ball python zombie (D:3)
  7 frilled lizards
  8 rats
292 creatures vanquished.

Vanquished Creatures (collateral kills)
  2 gnolls (D:4)
  An endoplasm (D:4)
  A giant cockroach (D:4)
4 creatures vanquished.

Vanquished Creatures (others)
  A centaur warrior (D:10)
  A hornet (D:10)
  An iguana (D:7)
  A fungus (Lair:1)
  14 plants (D:1)
18 creatures vanquished.

Grand Total: 314 creatures vanquished

Notes
Turn   | Place    | Note
-------+----------+-------------------------------------------
     0 | D:1      | drugrobin the Demigod Warper began the quest for the Orb.
     0 | D:1      | Reached XP level 1. HP: 17/17 MP: 5/5
    26 | D:1      | You fall into a shaft and drop 1 floor!
    84 | D:2      | Reached skill level 2 in Polearms
    91 | D:2      | Reached XP level 2. HP: 6/24 MP: 7/7
   480 | D:2      | Reached skill level 3 in Polearms
   524 | D:2      | Learned a level 2 spell: Blink
   563 | D:3      | Reached XP level 3. HP: 19/29 MP: 8/8
   668 | D:3      | Reached skill level 4 in Polearms
   817 | D:3      | Found a glowing drain.
   827 | D:3      | Reached XP level 4. HP: 18/36 MP: 9/9
   905 | Sewer    | Entered a sewer
  1018 | Sewer    | Learned a level 3 spell: Teleport Other
  1161 | Sewer    | Noticed Pargi
  1176 | Sewer    | Killed Pargi
  1177 | Sewer    | Reached skill level 1 in Stealth
  1177 | Sewer    | Reached XP level 5. HP: 17/41 MP: 8/10
  2143 | D:2      | Noticed Robin
  2166 | D:2      | Killed Robin
  2796 | D:3      | Gained mutation: You sometimes lose the ability to read
                  | scrolls when taking damage. [potion of mutation]
  2799 | D:3      | Lost mutation: You sometimes lose the ability to read
                  | scrolls when taking damage. [potion of mutation]
  2799 | D:3      | Gained mutation: You have very sharp teeth. [potion of
                  | mutation]
  3678 | D:1      | Reached skill level 5 in Polearms
  3995 | D:1      | Reached XP level 6. HP: 48/48 MP: 11/11
  4540 | D:2      | Learned a level 3 spell: Gell's Gravitas
  5845 | D:5      | Entered Level 5 of the Dungeon
  5850 | D:5      | Reached XP level 7. HP: 13/53 MP: 12/12
  6160 | D:5      | Noticed a moth of wrath
  6462 | D:5      | Reached skill level 6 in Polearms
  6633 | D:5      | Reached skill level 5 in Translocations
  8306 | D:4      | Identified the +1 hand axe "Zemuvvod" {protect, rF+ Will++}
  8391 | D:5      | Reached skill level 7 in Polearms
  8588 | D:5      | Reached XP level 8. HP: 44/60 MP: 13/13
  8805 | D:5      | Noticed Edmund
  9485 | D:6      | Reached skill level 8 in Polearms
  9889 | D:5      | Killed Edmund
 11345 | D:6      | Reached skill level 9 in Polearms
 11940 | D:6      | Noticed a two-headed ogre
 12598 | D:6      | Reached skill level 10 in Polearms
 12882 | D:6      | Reached skill level 1 in Armour
 13402 | D:6      | Reached XP level 9. HP: 44/67 MP: 14/14
 16184 | D:7      | Found a staircase to the Ecumenical Temple.
 16193 | Temple   | Entered the Ecumenical Temple
 16322 | D:7      | Learned a level 3 spell: Conjure Flame
 16782 | D:8      | Noticed a two-headed ogre
 16818 | D:8      | Killed a two-headed ogre
 17358 | D:8      | Got Copunn's Collected Works on Stolen Souls and Air
 17400 | D:8      | Noticed Harold
 17654 | D:8      | Reached skill level 11 in Polearms
 17964 | D:8      | Reached XP level 10. HP: 78/80 MP: 15/15
 18091 | D:9      | Reached skill level 5 in Fighting
 18792 | D:9      | Noticed Maggie
 19206 | D:9      | Killed Maggie
 19501 | D:9      | Noticed a cyclops
 19542 | D:9      | Killed a cyclops
 20309 | D:10     | Entered Level 10 of the Dungeon
 20359 | D:10     | Reached skill level 12 in Polearms
 20378 | D:10     | Reached skill level 1 in Throwing
 20585 | D:10     | Found a runed translucent door.
 20589 | D:10     | Noticed a two-headed ogre
 20622 | D:10     | Found a staircase to the Lair.
 21160 | D:10     | Found a portal to a secret trove of treasure.
 21241 | D:10     | Found a runed translucent door.
 21846 | D:10     | Noticed Fannar
 21926 | D:10     | Killed Fannar
 21927 | D:10     | Reached XP level 11. HP: 15/93 MP: 18/20
 22648 | D:11     | Learned a level 3 spell: Vampiric Draining
 22765 | D:11     | Noticed a four-headed hydra
 22790 | D:10     | Killed a four-headed hydra
 22942 | D:11     | Reached skill level 5 in Spellcasting
 22954 | D:11     | Learned a level 5 spell: Manifold Assault
 23102 | D:11     | Noticed Snorg
 23169 | D:11     | Noticed a two-headed ogre
 23501 | D:11     | Killed a two-headed ogre
 23621 | D:12     | Reached skill level 13 in Polearms
 23768 | D:12     | Noticed a death knight
 24117 | Lair:1   | Entered Level 1 of the Lair of Beasts
 24122 | Lair:1   | Noticed Erica
 24259 | D:10     | Killed a two-headed ogre
 24322 | D:10     | Noticed a two-headed ogre
 24368 | D:10     | Killed a two-headed ogre
 24384 | D:10     | Noticed a centaur warrior
 24496 | D:10     | Noticed a fire dragon
 24531 | D:10     | Slain by a fire dragon

Illustrated notes

Levels and vault maps discovered:
D:1:      lemuel_arrival_cross, layout_basic, dreamdust_ecumenical_altar_grove,
          hex_intersection, serial_bayou_lagoon_a
D:2:      layout_loops_ring, uniq_robin
D:3:      layout_basic, nicolae_yredelemnul_corpse_copse, led_sif_pool,
          nicolae_wu_jian_glorious_leap, portal_sewer_entry_c, st_stairs_11,
          minmay_hedge_maze, hex_intersection, fountainhead
D:4:      layout_rooms, fedhas_altar_fruit_tree, nicolae_overflow_crystal_walls,
          serial_glass, glass_columns_c, glass_columns_a, grunt_ministairs_10
D:5:      layout_basic, okawaru_altar_gauntlet_db, tgw_trog, uniq_edmund
D:6:      kennysheep_big_flooded_room, layout_rooms,
          minmay_misc_feat_secret_circle, kennysheep_small_square
D:7:      layout_rooms, lemuel_temple_firewalk_a, grunt_ministairs_8,
          kennysheep_generic_room_3
D:8:      layout_basic, jmf_multi_god_temple, uniq_harold
D:9:      layout_long_grid, gammafunk_ghost_cemetery, grunt_ministairs_7,
          minivault_14, hangedman_glass_teeth, uniq_maggie, uniq_maurice
D:10:     cheibrodos_histonic, layout_loops_ring, nicolae_trove_entry_isolated,
          uniq_fannar
D:11:     layout_small_grid, uniq_snorg
D:12:     layout_roguey, kennysheep_orc_monster_closet_entryway,
          serial_co_window_serial, co_window_corner_a,
          co_window_of_opportunity_a, co_window_of_opportunity_a,
          co_window_paths_b, co_window_paths_a, co_window_cross_1,
          co_window_paths_a, co_window_broadway_a, co_window_corner_b,
          co_window_2corner, co_window_cross_2, glass_columns_b, glass_columns_c
Temple:   nicolae_temple_figure_eight
Lair:1:   layout_chaotic_city, grunt_megastairs_1, uniq_erica

Skill      XL: |  1  2  3  4  5  6  7  8  9 10 11 |
---------------+----------------------------------+-----
Polearms       | 2 3 4 5 7 10 11 12 13 | 13.5
Stealth        | 1 2 |  2.0
Translocations | 3 4 5 |  5.6
Armour         | 1 3 |  3.3
Fighting       | 2 4 7 9 |  9.4
Dodging        | 3 |  3.2
Throwing       | 1 |  1.2
Spellcasting   | 3 5 |  5.0

Action                   |  1- 3 |  4- 6 |  7- 9 | 10-12 || total
-------------------------+-------+-------+-------+-------++-------
Melee: Spear             |    86 |   261 |   466 |   141 ||   954
       Dagger            |       |    51 |       |       ||    51
       Bite              |       |    13 |    86 |    47 ||   146
       Punch             |       |     4 |     7 |     5 ||    16
       Battleaxe         |       |    54 |       |       ||    54
       Short sword       |       |       |    79 |       ||    79
       War axe           |       |       |    23 |       ||    23
       Halberd           |       |       |   121 |   258 ||   379
 Fire: Shortbow          |       |       |    78 |    25 ||   103
Throw: Boomerang         |     3 |     9 |    31 |    23 ||    66
       Stone             |       |     4 |       |       ||     4
       Dart              |       |     3 |    35 |     2 ||    40
 Cast: Blink             |       |     3 |    20 |    12 ||    35
       Teleport Other    |       |     2 |     1 |     8 ||    11
       Gell's Gravitas   |       |       |     8 |       ||     8
       Conjure Flame     |       |       |     1 |     4 ||     5
       Vampiric Draining |       |       |       |     2 ||     2
Evoke: Wand              |       |     1 |     1 |     8 ||    10
       Piece from Xom's  |       |       |       |     9 ||     9
  Use: Scroll            |     1 |     6 |     8 |     3 ||    18
       Potion            |       |    11 |     1 |     1 ||    13
 Stab: Sleeping          |     1 |    12 |     1 |     1 ||    15
       Distracted        |       |       |     2 |     1 ||     3
Armor: Leather armour    |    30 |    95 |    68 |       ||   193
       Plate armour      |       |       |   130 |       ||   130
       Robe              |       |       |    12 |    24 ||    36
       Troll leather arm |       |       |       |    50 ||    50
Dodge: Dodged            |    44 |   181 |   285 |   153 ||   663

Table legend: (Time is in decaauts)
 A = Elapsed time spent in this place.
 B = Non-inter-level travel time spent in this place.
 C = Inter-level travel time spent in this place.
 D = Time resting spent in this place.
 E = Time spent auto-exploring this place.
 F = Levels seen in this place.
 G = Mean time per level.
                   A        B        C        D        E       F      G
               +--------+--------+--------+--------+--------+-----+--------+
         Total |  24369 |  23452 |    917 |   9527 |   7982 |  15 | 1624.6 |
       Dungeon |  23844 |  22927 |    917 |   9239 |   7964 |  12 | 1987.0 |
        Temple |      1 |      1 |      0 |      0 |      0 |   1 |    1.0 |
          Lair |     29 |     29 |      0 |     14 |      0 |   1 |   29.0 |
         Sewer |    494 |    494 |      0 |    274 |     18 |   1 |  494.0 |
               +--------+--------+--------+--------+--------+-----+--------+

Top non-repeatable levels by time:
     D:5: 3769 daAuts
     D:6: 3288 daAuts
     D:3: 2958 daAuts
    D:10: 2694 daAuts
     D:8: 2590 daAuts
     D:4: 1919 daAuts
     D:2: 1596 daAuts
     D:7: 1515 daAuts
     D:9: 1322 daAuts
     D:1: 981 daAuts
    D:11: 948 daAuts
   Sewer: 494 daAuts
    D:12: 258 daAuts
  Lair:1: 29 daAuts
  Temple: 1 daAuts
